 Dungeon Crawl Stone Soup version 0.25-a0-786-g5b70d41e48 (webtiles) character file.

Game seed: 7750133107765329706, levelgen mode: deterministic

237800 Maedhros the Phalangite (level 20, -3/147 HPs)
             Began as a Formicid Artificer on Apr 18, 2020.
             Was an Initiate of Gozag.
             Splashed by an acid blob's acid (6 damage)
             ... created by the Royal Jelly
             ... on level 5 of the Pits of Slime.
             The game lasted 01:47:28 (41981 turns).

Maedhros the Phalangite (Formicid Artificer)       Turns: 41981, Time: 01:47:28

Health: -3/147     AC: 27    Str: 21    XL:     20   Next: 1%
Magic:  20/24      EV:  9    Int: 14    God:    Gozag
Gold:   3017       SH: 31    Dex: 13    Spells: 19/19 levels left

rFire    + + .     SeeInvis +   k - +13 scythe of Curses {drain, *Curse} (curse)
rCold    + + +     Gourm    .   H - +10 tower shield of Ignorance {rN+ Int-4}
rNeg     + + .     Faith    .   c - +15 Maxwell's patent armour {-Cast -Tele rElec MR+ rCorr}
rPois    +         Spirit   .   (helmet unavailable)
rElec    +         Reflect  .   G - +2 cloak {rC+}
rCorr    +         Harm     .   V - +1 pair of gloves of Dyspraxia {rC+ Regen+ Int+2}
MR       +++..     NoCast   +   l - +0 pair of boots {Fly}
Stlth    ..........             E - amulet "Fikej" {Inacc rF+ rN+}
HPRegen  0.74/turn              g - ring of protection from cold
MPRegen  0.19/turn              d - +3 ring of protection

@: mighty, resistant, corroded, stab, flying
A: permanent stasis, dig shafts and tunnels, four strong arms, antennae 3,
strong 1, subdued magic 2, MP-powered wands
}: 2/15 runes: barnacled, gossamer
a: Dig, Shaft Self, Potion Petition, Call Merchant, Bribe Branch, Renounce
Religion, Stop Flying


You were on level 5 of the Pits of Slime.
You worshipped Gozag.
Gozag was most pleased with you.
You were not hungry.

You visited 7 branches of the dungeon, and saw 37 of its levels.
You also visited: Ice Cave.

You collected 15454 gold pieces.
You spent 5166 gold pieces at shops.
You paid 7271 gold pieces to Gozag.

Inventory:

Hand Weapons
 k - the cursed +13 scythe of Curses (weapon) {drain, *Curse}
   (You acquired it on level 14 of the Dungeon)

   A truly terrible weapon, it drains the life of those it strikes.
   It curses itself when equipped.
   It has a curse placed upon it.
 J - the +1 trident "Lasel" {elec, rPois MP-9 Dex+8 Stlth+}
   (You found it on level 6 of the Lair of Beasts)

   Occasionally, upon striking a foe, it will discharge some electrical energy
   and cause terrible harm.
   It affects your dexterity (+8).
   It protects you from poison.
   It affects your magic capacity (-9).
   It makes you more stealthy.
Missiles
 a - 18 javelins (quivered)
 r - 4 curare-tipped darts
Armour
 c - the +15 Maxwell's patent armour (worn) {-Cast -Tele rElec MR+ rCorr}
   (You bought it in a shop on level 8 of the Dungeon)

   It insulates you from electricity.
   It affects your resistance to hostile enchantments.
   It prevents spellcasting.
   It prevents most forms of teleportation.
   It provides partial protection from all sources of acid and corrosion.
 l - a +0 pair of boots of flying (worn)
 q - the +3 pair of gauntlets of War {Slay+5}
   (You bought it in a shop on level 14 of the Dungeon)

   It affects your accuracy and damage with ranged weapons and melee attacks
   (+5).
 G - a +2 cloak of cold resistance (worn)
 H - the +10 tower shield of Ignorance (worn) {rN+ Int-4}
   (You found it on level 11 of the Dungeon)

   It affects your intelligence (-4).
   It protects you from negative energy.
 V - the +1 pair of gloves of Dyspraxia (worn) {rC+ Regen+ Int+2}
   (You found it on level 2 of the Orcish Mines)

   It affects your intelligence (+2).
   It protects you from cold.
   It increases your rate of regeneration.
Jewellery
 d - a +3 ring of protection (right hand)
 g - a ring of protection from cold (left hand)
 n - an uncursed ring of ice
 B - an uncursed amulet of regeneration
 E - the amulet "Fikej" (around neck) {Inacc rF+ rN+}
   (You found it on level 9 of the Dungeon)

   [amulet of inaccuracy]

   It reduces the accuracy of all your attacks.
   It protects you from fire.
   It protects you from negative energy.
Wands
 e - a wand of random effects (5)
 i - a wand of digging (12)
 w - a wand of iceblast (43)
 y - a wand of acid (12)
 K - a wand of enslavement (6)
 N - a wand of clouds (6)
Scrolls
 b - 2 scrolls of immolation
 h - 9 scrolls of remove curse
 j - 2 scrolls of enchant weapon
 o - 12 scrolls of enchant armour
 s - 6 scrolls of magic mapping
 u - 9 scrolls of fear
 v - 2 scrolls of identify
 F - 3 scrolls of amnesia
 U - 3 scrolls of summoning
 X - a scroll of silence
 Z - 2 scrolls of vulnerability
Potions
 m - 4 potions of magic
 p - 2 potions of stabbing
 t - 2 potions of flight
 z - 10 potions of curing
 D - 3 potions of brilliance
 I - 3 potions of mutation
 O - 4 potions of lignification
 P - 3 potions of might
 Q - 2 potions of resistance
 S - 9 potions of ambrosia
 T - a potion of invisibility
 Y - 3 potions of cancellation
Miscellaneous
 L - 2 tins of tremorstones
Comestibles
 f - 24 rations


   Skills:
 - Level 10.0 Fighting
   Level 1.5 Short Blades
 * Level 22.3 Polearms
 - Level 16.7 Armour
 - Level 4.5 Dodging
 - Level 8.3 Stealth
 - Level 17.5 Shields
 - Level 6.2 Evocations


You had 19 spell levels left.
You didn't know any spells.
Your spell library contained the following spells:

 Spells                   Type           Power        Failure   Level  Hunger
 Animate Skeleton         Necr           N/A          91%         1    ##.....
 Apportation              Tloc           #.....       91%         1    ##.....
 Beastly Appendage        Tmut           #.....       91%         1    ##.....
 Corona                   Hex            #......      91%         1    ##.....
 Freeze                   Ice            #...         91%         1    ##.....
 Magic Dart               Conj           #...         91%         1    ##.....
 Sandblast                Erth           #.....       91%         1    ##.....
 Summon Small Mammal      Summ           #...         91%         1    ##.....
 Call Imp                 Summ           #.......     97%         2    ###....
 Ensorcelled Hibernation  Hex/Ice        #.....       97%         2    ###....
 Passwall                 Tmut/Erth      #.......     97%         2    ###....
 Slow                     Hex            #.......     97%         2    ###....
 Sticks to Snakes         Tmut           #.......     97%         2    ###....
 Sublimation of Blood     Necr           #.........   97%         2    ###....
 Confusing Touch          Hex            #.......     100%        3    ####...
 Conjure Flame            Conj/Fire      #.......     100%        3    ####...
 Dazzling Flash           Conj/Hex       #.....       100%        3    ####...
 Frozen Ramparts          Ice            #.....       100%        3    ####...
 Gell's Gravitas          Tloc           #.........   100%        3    ####...
 Ignite Poison            Fire/Tmut/Pois #.......     100%        3    ####...
 Mephitic Cloud           Conj/Pois/Air  #.......     100%        3    ####...
 Ozocubu's Armour         Chrm/Ice       #.......     100%        3    ####...
 Static Discharge         Conj/Air       #.......     100%        3    ####...
 Stone Arrow              Conj/Erth      #.....       100%        3    ####...
 Tukima's Dance           Hex            #.......     100%        3    ####...
 Hailstorm                Conj/Ice       #.......     100%        4    #####..
 Petrify                  Tmut/Erth      #.......     100%        4    #####..
 Summon Ice Beast         Ice/Summ       #.......     100%        4    #####..
 Alistair's Intoxication  Tmut/Pois      #.......     100%        5    ######.
 Borgnjor's Vile Clutch   Necr/Erth      #.........   100%        5    ######.
 Irradiate                Conj/Tmut      #.........   100%        5    ######.
 Lee's Rapid Deconstruct  Erth           #.........   100%        5    ######.
 Lightning Bolt           Conj/Air       #.........   100%        5    ######.
 Metabolic Englaciation   Hex/Ice        #.........   100%        5    ######.
 Yara's Violent Unravell  Hex/Tmut       #.........   100%        5    ######.
 Eringya's Noxious Bog    Tmut/Pois      #.........   100%        6    #######
 Statue Form              Tmut/Erth      #........    100%        6    #######
 Dragon Form              Tmut           #.........   100%        7    #######
 Ignition                 Fire           #.........   100%        8    #######
 Shatter                  Erth           #.........   100%        9    #######
 Tornado                  Air            #.........   100%        9    #######
 Blink                    Tloc           Unusable     N/A         2    N/A

Dungeon Overview and Level Annotations

Branches:
Dungeon (15/15)            Temple (0/1) D:7            Lair (6/6) D:8
 Shoals (4/4) Lair:2       Spider (4/4) Lair:2        Slime (5/5) Lair:6
    Orc (2/2) D:9             Elf (0/3) Orc:2        Vaults (0/5) D:14
 Depths (1/5) D:15          IceCv (visited)

Altars:
Ashenzari
Cheibriados
Dithmenos
Fedhas
Gozag
Kikubaaqudgha
Okawaru
Sif Muna
Trog
Zin
The Shining One
Beogh
Jiyva

Shops:
D:4 (   D:8 [   D:14 [[*   Orc:2 ?!}%   Shoals:2 [   Shoals:4 [   Slime:4 *

Annotations:
D:3 exclusion: door
D:8 3 runed translucent doors, hemabe's ghost, novice HuAr; lis82's ghost, novice DgEE; omer1ben's ghost, novice OpFE
D:11 1 runed translucent door, exclusion: 4 orange crystal statues
Lair:3 3 runed translucent doors, Fynoohai's ghost, journeyman DrAE
Shoals:4 3 runed translucent doors, Franky's ghost, adept CeHu
Slime:5 Royal Jelly


Innate Abilities, Weirdness & Mutations

You cannot be hasted, slowed, berserked, paralysed or teleported.
You can dig through walls and to a lower floor.
Your four strong arms can wield two-handed weapons with a shield.
You have a pair of large antennae on your head. (SInv)
Your muscles are strong. (Str +2)
Your spells are easier to cast, but less powerful.
You expend magic power (3 MP) to strengthen your wands.


Message History

Flame seeps out of the azure jelly.
The acid blob hits you but does no damage.
The azure jelly is engulfed in freezing vapours.
Flame seeps out of the azure jelly.
The azure jelly hits you but does no damage.
You block the azure jelly's attack. x3
The death ooze is engulfed in freezing vapours.
Flame seeps out of the death ooze.
The acid blob hits you!!
* * * LOW HITPOINT WARNING * * *
You are splashed with acid.
You resist.
* * * LOW HITPOINT WARNING * * *
The acid blob is engulfed in freezing vapours.
Flame seeps out of the acid blob.
The acid blob hits you but does no damage.
The acid blob spits acid at you. The splash of acid hits you. You resist.
* * * LOW HITPOINT WARNING * * *
The acid corrodes you!
You are splashed with acid.
You resist.
You die...
Your body crumbles into a pile of gold. ######### ##.JJJJJJ## #..J@JJJJ§# #..JJJJJJ§#

#..####J§§# #.## #.§.#
..###.#####..§##
......#...#.....#
.................##
...................##
.....................###


You could see the Royal Jelly (inner flame), 8 acid blobs, 6 azure jellies and 3
death oozes.

Vanquished Creatures
  Arachne (Spider:3)
  Jorgrun (Spider:1)
  A kraken (Shoals:4)
  5 acid blobs
  Frances (D:12)
  Roxanne (D:14)
  A tengu reaver (D:14)
  Donald (Shoals:4)
  A frost giant (D:14)
  A fire giant (D:14)
  3 ghost moths (Spider:4)
  2 azure jellies (Slime:2)
  2 orc warlords
  Louise (Spider:4)
  9 emperor scorpions
  The ghost of walterwhite the Thaumaturge, a journeyman OpFE of Sif Muna (Orc:2)
  A stone giant (Orc:1)
  4 entropy weavers
  3 dire elephants (Lair:6)
  Snorg (D:12)
  An ettin (D:15)
  A fire dragon (D:15)
  2 merfolk impalers (Shoals:4)
  Josephine (Lair:6)
  2 merfolk javelineers (Shoals:4)
  A yaktaur captain (D:14)
  2 great orbs of eyes
  An ice dragon (D:14)
  4 hydras
  3 alligator snapping turtles
  An anaconda (Lair:6)
  3 centaur warriors
  A death knight (D:13)
  3 merfolk avatars
  5 merfolk aquamancers
  6 two-headed ogres
  An orc high priest (Orc:2)
  Urug (D:11)
  A deep elf knight (D:14)
  An unseen horror (shapeshifter) (D:14)
  3 unseen horrors (D:12)
  4 skeletal warriors
  A golden dragon zombie (D:15)
  5 sea snakes
  2 lindwurms (Lair:5)
  9 harpies
  2 necromancers
  5 orc knights
  A phantasmal warrior (D:15)
  6 orc sorcerers
  7 ugly things
  14 orb spiders
  4 oklob plants (Lair:6)
  A shining eye (Slime:2)
  28 wolf spiders
  3 cyclopes
  7 merfolk sirens
  14 manticores
  2 moths of wrath
  2 centaur zombies
  6 black mambas
  4 water nymphs
  An ice statue (IceCv)
  Maurice (D:8)
  9 elephants
  A fire giant skeleton (D:15)
  Psyche (D:8)
  4 gargoyles
  A torpor snail (Lair:6)
  12 spiny frogs
  An eye of devastation (Slime:1)
  3 rime drakes
  2 spriggan zombies (D:15)
  4 yaktaurs (D:14)
  10 demonic crawlers
  Duvessa (D:7)
  9 komodo dragons
  A kobold demonologist (D:14)
  10 freezing wraiths (IceCv)
  14 trolls
  A tengu conjurer (D:14)
  37 jumping spiders
  9 wind drakes
  18 merfolk
  2 polar bears (Lair:5)
  27 slime creatures
  16 hippogriffs
  7 hornets
  20 blink frogs
  6 snapping turtles
  2 centaur simulacra
  30 tarantellas
  A vampire (D:14)
  121 redbacks
  2 wyverns
  3 wraiths (Lair:6)
  2 basilisks (D:8)
  13 water elementals
  20 yaks
  2 hungry ghosts
  An acid dragon (D:11)
  12 wargs
  A soldier ant (D:13)
  8 porcupines
  11 water moccasins
  11 ice beasts
  4 black bears
  40 orc warriors
  A hornet zombie (D:7)
  2 eyes of draining
  2 sky beasts
  2 phantoms
  2 necrophages
  16 wolves
  14 centaurs
  4 boggarts (Lair:5)
  15 ogres
  4 big kobolds
  9 crocodiles
  Blork the orc (D:6)
  30 bullfrogs
  2 wyvern zombies (D:14)
  A gnoll sergeant (Orc:2)
  37 scorpions
  Dowan (D:7)
  An elephant simulacrum (IceCv)
  14 killer bees
  A vampire bat (D:10)
  6 wights
  8 howler monkeys
  An electric eel (Spider:4)
  10 crimson imps
  2 bullfrog zombies
  11 centaur skeletons
  5 hounds
  5 jellies
  22 orc priests
  3 draconian simulacra (IceCv)
  2 bullfrog skeletons
  7 iguanas
  48 orc wizards
  A polar bear simulacrum (IceCv)
  4 troll simulacra (IceCv)
  7 worker ants
  5 spriggan simulacra (IceCv)
  2 wolf simulacra (IceCv)
  A hound skeleton (D:11)
  2 worker ant zombies (D:9)
  Robin (D:4)
  14 gnolls
  7 adders
  7 naga simulacra (IceCv)
  An ogre simulacrum (IceCv)
  12 white imps (IceCv)
  3 oozes
  2 adder skeletons (D:4)
  A worm (D:2)
  A dart slug (D:1)
  3 leopard geckos
  85 orcs
  6 giant cockroaches
  18 goblins
  11 hobgoblins
  18 jackals
  7 quokkas
  14 bats
  10 frilled lizards
  2 jackal skeletons
  22 kobolds
  A quokka skeleton (D:7)
  8 rats
  4 plants (Lair:6)
  4 tentacles (Shoals:4)
1297 creatures vanquished.

Vanquished Creatures (collateral kills)
  An orc warrior (Orc:2)
  A necrophage (D:7)
  An eye of draining (D:11)
  A phantom (D:7)
  An ogre (Orc:2)
  2 wights (D:10)
  A crimson imp (D:7)
  An adder (D:2)
  A gnoll (D:5)
  4 orcs
  A hobgoblin (D:2)
  2 jackals (D:2)
  A kobold (D:2)
  A quokka (D:7)
  A quokka skeleton (D:7)
20 creatures vanquished.

Vanquished Creatures (others)
  A merfolk aquamancer (Shoals:4)
  A cyclops (D:11)
  An ogre (D:2)
  A jelly (D:3)
  An orc (Orc:2)
  A quokka (D:2)
  A bush (Lair:4)
  19 fungi
  12 plants
  19 tentacles (Shoals:4)
  8 toadstools (D:3)
65 creatures vanquished.

Grand Total: 1382 creatures vanquished

Notes
Turn   | Place    | Note
-------+----------+-------------------------------------------
     0 | D:1      | Maedhros the Formicid Artificer began the quest for the
                  | Orb.
     0 | D:1      | Reached XP level 1. HP: 15/15 MP: 3/3
     3 | D:1      | You fall into a shaft and drop 1 floor!
    16 | D:2      | You fall into a shaft and drop 2 floors!
    24 | D:4      | Noticed an ogre
    26 | D:4      | Killed an ogre
    26 | D:4      | Reached skill level 5 in Evocations
    26 | D:4      | Reached XP level 2. HP: 21/21 MP: 3/5
    26 | D:4      | Reached XP level 3. HP: 26/26 MP: 3/6
    26 | D:4      | Reached XP level 4. HP: 32/32 MP: 3/7
    89 | D:5      | Entered Level 5 of the Dungeon
    95 | D:5      | Found a shattered altar of Ashenzari.
   128 | D:5      | Reached XP level 5. HP: 22/37 MP: 7/9
   348 | D:5      | Noticed an ogre
   353 | D:5      | Killed an ogre
   353 | D:5      | Reached XP level 6. HP: 43/43 MP: 10/10
   393 | D:5      | Reached skill level 1 in Armour
   422 | D:5      | Reached skill level 1 in Polearms
   771 | D:5      | Reached skill level 2 in Polearms
   771 | D:5      | Reached XP level 7. HP: 32/48 MP: 11/11
  1029 | D:5      | Reached skill level 3 in Polearms
  1293 | D:5      | Reached skill level 4 in Polearms
  1560 | D:5      | Found an opulent altar of Gozag.
  1680 | D:5      | Became a worshipper of Gozag Ym Sagoz the Greedy
  2340 | D:2      | Reached skill level 5 in Polearms
  2516 | D:2      | Reached XP level 8. HP: 54/54 MP: 12/12
  3391 | D:3      | Reached skill level 6 in Polearms
  3996 | D:2      | You fall into a shaft and drop 1 floor!
  5788 | D:4      | Found Emeostre's Antique Weapon Boutique.
  6031 | D:4      | Reached skill level 7 in Polearms
  6092 | D:4      | Noticed Robin
  6127 | D:4      | Killed Robin
  6997 | D:6      | Found a blossoming altar of Fedhas.
  6998 | D:6      | Found a bloodstained altar of Trog.
  6999 | D:6      | Found a glowing golden altar of the Shining One.
  6999 | D:6      | Found a snail-covered altar of Cheibriados.
  7001 | D:6      | Found an ancient bone altar of Kikubaaqudgha.
  7001 | D:6      | Found a glowing silver altar of Zin.
  7002 | D:6      | Found a shadowy altar of Dithmenos.
  7010 | D:6      | Reached skill level 8 in Polearms
  7049 | D:6      | Noticed Blork the orc
  7133 | D:6      | Killed Blork the orc
  7136 | D:6      | Found a shimmering blue altar of Sif Muna.
  7200 | D:6      | Reached XP level 9. HP: 19/60 MP: 13/13
  7562 | D:7      | Reached skill level 9 in Polearms
  7675 | D:7      | Found a staircase to the Ecumenical Temple.
  7778 | D:7      | Noticed Dowan
  7784 | D:7      | Noticed Duvessa
  7791 | D:7      | Killed Dowan
  7852 | D:7      | Killed Duvessa
  7852 | D:7      | Reached skill level 10 in Polearms
  8140 | D:8      | Found a staircase to the Lair.
  8140 | D:8      | Noticed a hippogriff
  8175 | D:8      | Reached skill level 11 in Polearms
  8391 | D:8      | Killed a hippogriff
  8391 | D:8      | Reached XP level 10. HP: 16/66 MP: 14/14
  8969 | D:8      | Found a runed translucent gate.
  8969 | D:8      | Found a runed translucent gate.
  8969 | D:8      | Found a runed translucent gate.
  8970 | D:8      | Noticed omer1ben's ghost (novice OpFE)
  8970 | D:8      | Noticed lis82's ghost (novice DgEE)
  8971 | D:8      | Noticed hemabe's ghost (novice HuAr)
  9097 | D:8      | Noticed Maurice
  9118 | D:8      | Killed Maurice
  9293 | D:8      | Noticed Psyche
  9350 | D:8      | Killed Psyche
  9430 | D:9      | Noticed a two-headed ogre
 10542 | D:9      | Reached skill level 5 in Stealth
 10563 | D:9      | Noticed a two-headed ogre
 10571 | D:9      | Killed a two-headed ogre
 10571 | D:9      | Reached skill level 1 in Shields
 10571 | D:9      | Reached XP level 11. HP: 39/78 MP: 15/15
 10823 | D:9      | Got a scorched brass amulet
 10863 | D:9      | Killed a two-headed ogre
 10863 | D:9      | Reached skill level 5 in Fighting
 10863 | D:9      | Reached skill level 12 in Polearms
 10874 | D:9      | Found a staircase to the Orcish Mines.
 10940 | D:9      | Reached skill level 5 in Armour
 11695 | D:10     | Entered Level 10 of the Dungeon
 12793 | D:10     | Identified the amulet "Fikej" {Inacc rF+ rN+} (You found it
                  | on level 9 of the Dungeon)
 12939 | D:11     | Noticed a cyclops
 13227 | D:11     | Noticed a cyclops
 13227 | D:11     | Noticed Urug
 13235 | D:11     | Noticed a two-headed ogre
 13251 | D:11     | Killed Urug
 13282 | D:11     | Killed a two-headed ogre
 13282 | D:11     | Reached skill level 5 in Shields
 13282 | D:11     | Reached XP level 12. HP: 73/89 MP: 16/16
 13654 | D:11     | Found a runed translucent door.
 13656 | D:11     | Found the +10 tower shield of Ignorance {rN+ Int-4}
 14301 | D:11     | Found a runed translucent door.
 14364 | D:11     | Identified a scroll of acquirement
 14367 | D:11     | Identified the ring "Udixih" {rC+ MR+ Dex+2 Slay-4 Stlth+}
                  | (You acquired it on level 11 of the Dungeon)
 15136 | D:8      | Bought the +15 Maxwell's patent armour {-Cast -Tele rElec
                  | MR+ rCorr} for 1825 gold pieces
 15136 | D:8      | Found the +15 Maxwell's patent armour {-Cast -Tele rElec
                  | MR+ rCorr}
 15150 | Lair:1   | Entered Level 1 of the Lair of Beasts
 15188 | Lair:1   | HP: 6/136 [poisoned by a black mamba]
 15193 | Lair:1   | HP: 5/136 [poisoned by a black mamba]
 15198 | Lair:1   | HP: 3/136 [poisoned by a black mamba]
 15204 | Lair:1   | HP: 3/136 [poisoned by a black mamba]
 15212 | Lair:1   | HP: 4/136 [poisoned by a black mamba]
 16482 | Lair:2   | Found a staircase to the Shoals.
 16543 | Lair:2   | Found a hole to the Spider Nest.
 17557 | Lair:3   | Reached XP level 13. HP: 93/96 MP: 17/17
 17652 | Lair:3   | Found a runed translucent gate.
 17652 | Lair:3   | Found a runed translucent gate.
 17654 | Lair:3   | Found a runed translucent gate.
 17654 | Lair:3   | Noticed Fynoohai's ghost (journeyman DrAE)
 18014 | Lair:3   | Reached skill level 10 in Armour
 18650 | Lair:3   | Reached skill level 10 in Shields
 18996 | Lair:4   | Noticed a seven-headed hydra
 19017 | Lair:4   | Killed a seven-headed hydra
 19821 | Lair:4   | Noticed an eight-headed hydra
 19853 | Lair:4   | Killed an eight-headed hydra
 20503 | Lair:5   | Got a steaming tin amulet
 20599 | Lair:5   | You fall into a shaft and drop 1 floor!
 20599 | Lair:6   | Entered Level 6 of the Lair of Beasts
 21257 | Lair:5   | Reached XP level 14. HP: 74/103 MP: 18/18
 22009 | Lair:6   | Found a viscous altar of Jiyva.
 22009 | Lair:6   | Found a staircase to the Slime Pits.
 22254 | Lair:6   | Noticed Josephine
 22289 | Lair:6   | Killed Josephine
 22639 | Lair:6   | Got a smoking trident
 22640 | Lair:6   | Identified the cursed +1 trident "Lasel" {elec, rPois MP-9
                  | Dex+8 Stlth+} (You found it on level 6 of the Lair of
                  | Beasts)
 22759 | Lair:6   | Identified the amulet "Fuetsy" {Harm *Drain +Inv rC- Int+4
                  | Dex+6} (You found it on level 5 of the Lair of Beasts)
 23628 | Lair:6   | Noticed a dire elephant
 23628 | Lair:6   | Noticed a dire elephant
 23642 | Lair:6   | Killed a dire elephant
 23660 | Lair:6   | Killed a dire elephant
 24194 | D:11     | You fall into a shaft and drop 1 floor!
 24194 | D:12     | Found a blossoming altar of Fedhas.
 24299 | D:12     | Identified the Compendium of Moulding
 24389 | D:12     | Noticed Snorg
 24401 | D:12     | Killed Snorg
 24457 | D:12     | Found an iron altar of Okawaru.
 24503 | D:12     | Reached XP level 15. HP: 108/108 MP: 10/19
 24625 | D:12     | Noticed Frances
 24644 | D:12     | Killed Frances
 25053 | D:13     | Reached skill level 15 in Shields
 25800 | D:14     | Reached skill level 15 in Armour
 25801 | D:14     | Noticed a fire giant
 25802 | D:14     | Noticed a tengu reaver
 25961 | Orc:1    | Entered Level 1 of the Orcish Mines
 26233 | Orc:2    | Entered Level 2 of the Orcish Mines
 26438 | Orc:1    | Found a frozen archway.
 26446 | IceCv    | Entered an ice cave
 26698 | IceCv    | Found an ancient bone altar of Kikubaaqudgha.
 27676 | Orc:2    | Noticed a stone giant
 27679 | Orc:2    | Noticed an orc warlord
 27680 | Orc:2    | Found a staircase to the Elven Halls.
 27702 | Orc:1    | Killed a stone giant
 27717 | Orc:2    | Killed an orc warlord
 27720 | Orc:2    | Noticed an orc warlord
 27845 | Orc:1    | Killed an orc warlord
 27958 | Orc:2    | Noticed walterwhite's ghost (journeyman OpFE)
 28250 | Orc:2    | Reached XP level 16. HP: 100/115 MP: 11/20
 28361 | Orc:2    | Found Celol's Gadget Boutique.
 28361 | Orc:2    | Found Affeif's Food Boutique.
 28388 | Orc:2    | Found Raeskoura's Distillery.
 28391 | Orc:2    | Found Cyurphaal's Magic Scroll Shop.
 28394 | Orc:2    | Bought a scroll of magic mapping for 49 gold pieces
 28395 | Orc:2    | Bought a potion of resistance for 140 gold pieces
 28395 | Orc:2    | Bought a potion of heal wounds for 70 gold pieces
 28395 | Orc:2    | Bought a potion of resistance for 140 gold pieces
 28395 | Orc:2    | Bought a potion of curing for 42 gold pieces
 28395 | Orc:2    | Bought a potion of curing for 42 gold pieces
 28395 | Orc:2    | Bought a potion of ambrosia for 112 gold pieces
 28395 | Orc:2    | Bought a potion of ambrosia for 112 gold pieces
 28395 | Orc:2    | Bought a potion of invisibility for 112 gold pieces
 28530 | Orc:2    | Found a transporter.
 28545 | Orc:2    | Found a transporter.
 28657 | Orc:2    | Killed walterwhite's ghost
 28696 | Orc:2    | Got a pair of jewelled gloves
 28702 | Orc:2    | Identified the +1 pair of gloves of Dyspraxia {rC+ Regen+
                  | Int+2} (You found it on level 2 of the Orcish Mines)
 29214 | D:14     | Identified the +0 kite shield of Shielding {+Blink rN+
                  | Str+2 Dex+2} (You acquired it on level 14 of the Dungeon)
 29615 | D:14     | Reached skill level 13 in Polearms
 29651 | D:14     | Found a gate to the Vaults.
 30001 | D:14     | Noticed a frost giant
 30002 | D:14     | Identified Roxanne's Grimoire of Clay
 30002 | D:14     | Noticed Roxanne
 30017 | D:14     | Killed a frost giant
 30294 | D:14     | Killed Roxanne
 30356 | D:14     | Killed a tengu reaver
 30436 | D:14     | Found the +8 glaive of the Guard {elec, +Rage AC+5 SInv}
 30454 | D:14     | Killed a fire giant
 30673 | D:15     | Entered Level 15 of the Dungeon
 30854 | D:15     | Found a roughly hewn altar of Beogh.
 30957 | D:15     | Found a staircase to the Depths.
 31734 | Depths:1 | Entered Level 1 of the Depths
 31916 | D:14     | Bought a scroll of acquirement for 1248 gold pieces
 31923 | D:14     | Identified the +0 pair of boots "Eleug" {rC+ Str+5} (You
                  | acquired it on level 14 of the Dungeon)
 31924 | D:14     | Found the +13 scythe of Curses {drain, *Curse}
 31933 | D:14     | Bought the +3 pair of gauntlets of War {Slay+5} for 1235
                  | gold pieces
 31933 | D:14     | Found the +3 pair of gauntlets of War {Slay+5}
 32307 | Shoals:1 | Entered Level 1 of the Shoals
 32345 | Shoals:1 | You fall into a shaft and drop 1 floor!
 32725 | Shoals:2 | Reached skill level 14 in Polearms
 32775 | Shoals:2 | Reached XP level 17. HP: 124/124 MP: 21/21
 32860 | Shoals:2 | Found Zodo's Antique Armour Emporium.
 34967 | Shoals:4 | Entered Level 4 of the Shoals
 34970 | Shoals:4 | Found a runed translucent gate.
 34975 | Shoals:4 | Found a runed translucent gate.
 34977 | Shoals:4 | Found a runed translucent gate.
 34980 | Shoals:4 | Noticed Franky's ghost (adept CeHu)
 35046 | Shoals:4 | Reached skill level 10 in Fighting
 35046 | Shoals:4 | Reached skill level 15 in Polearms
 35153 | Shoals:4 | Identified the ring of Poinnixu {Wiz rF- Int+3 Dex+6} (You
                  | acquired it on level 4 of the Shoals)
 35153 | Shoals:4 | Identified the +0 pair of boots "Jotizois" {*Corrode Str+5
                  | Dex+8} (You acquired it on level 4 of the Shoals)
 35480 | Shoals:4 | Reached skill level 16 in Polearms
 35734 | Shoals:4 | Noticed a kraken
 35790 | Shoals:4 | Killed a kraken
 35790 | Shoals:4 | Reached skill level 17 in Polearms
 35805 | Shoals:4 | Got a barnacled rune of Zot
 35826 | Shoals:4 | Noticed Donald
 35833 | Shoals:4 | Killed Donald
 35984 | Shoals:4 | Got a bronze chain mail
 36177 | Spider:1 | Entered Level 1 of the Spider Nest
 36249 | Spider:1 | Reached skill level 18 in Polearms
 36309 | Spider:1 | Reached XP level 18. HP: 98/134 MP: 13/22
 36378 | Spider:1 | Noticed Jorgrun
 36408 | Spider:1 | Killed Jorgrun
 36472 | Spider:1 | You fall into a shaft and drop 1 floor!
 36521 | Spider:2 | Identified the amulet "Niebyenet" {RegenMP +Fly MR+} (You
                  | acquired it on level 2 of the Spider Nest)
 36521 | Spider:2 | Identified the +10 spear of Iggukh {vorpal, rN+ Int+3} (You
                  | acquired it on level 2 of the Spider Nest)
 37055 | Spider:2 | Reached skill level 19 in Polearms
 37655 | Spider:3 | Noticed Arachne
 37697 | Spider:3 | Killed Arachne
 38335 | Spider:3 | Reached skill level 20 in Polearms
 38708 | Spider:4 | Entered Level 4 of the Spider Nest
 38919 | Spider:4 | Reached XP level 19. HP: 135/140 MP: 14/23
 39406 | Spider:4 | Reached skill level 21 in Polearms
 39542 | Spider:4 | Got a gossamer rune of Zot
 39974 | Spider:4 | Noticed Louise
 40005 | Spider:4 | Killed Louise
 40467 | Spider:1 | Gained mutation: You expend magic power (3 MP) to
                  | strengthen your wands. [potion of mutation]
 40467 | Spider:1 | Gained mutation: Your spells are a little easier to cast,
                  | but a little less powerful. [potion of mutation]
 40467 | Spider:1 | Gained mutation: Your muscles are strong. (Str +2) [potion
                  | of mutation]
 40631 | Slime:1  | Entered Level 1 of the Pits of Slime
 40743 | Slime:2  | Gained mutation: Your spells are easier to cast, but less
                  | powerful. [a shining eye]
 40763 | Slime:2  | Reached skill level 22 in Polearms
 41172 | Slime:4  | Bought a potion of curing for 39 gold pieces
 41174 | Slime:5  | Entered Level 5 of the Pits of Slime
 41945 | Slime:5  | Reached XP level 20. HP: 138/147 MP: 24/24
 41949 | Slime:5  | Noticed the Royal Jelly
 41981 | Slime:5  | HP: 5/147 [acid[the Royal Jelly] (4)]
 41981 | Slime:5  | Splashed by an acid blob's acid

Levels and vault maps discovered:
D:1:      minmay_arrival_diagonal_passages, layout_basic
D:2:      layout_loops_cross, first_ration
D:3:      cheibrodos_fertilizer, layout_basic, hangedman_feature_mirror,
          hangedman_glass_teeth
D:4:      kennysheep_six_static_rooms, layout_loops_ring, serial_shops, shop,
          kennysheep_big_empty_room, uniq_robin
D:5:      layout_gridville, kennysheep_mini, lemuel_crystal_altar
D:6:      layout_layer_cave, tgw_sif, grunt_temple_overflow_open
D:7:      layout_cave_pools, minmay_temple_entry_glass, uniq_duvessa
D:8:      layout_basic, david_lair_generic, gammafunk_ghost_cemetery,
          uniq_maurice, uniq_psyche
D:9:      layout_irregular_city, orc_0_dummy, grunt_ogre_cave
D:10:     layout_loops_corners, roderic_batcave
D:11:     layout_small_grid, chequers_guarded_unrand_ignorance, uniq_urug
D:12:     layout_long_grid, basic_altar, hangedman_decor_clover_reticule,
          fedhas_altar_3, uniq_frances, uniq_snorg
D:13:     layout_long_grid, kennysheep_generic_room_14
D:14:     minmay_guarded_unrand_guard, layout_basic,
          hangedman_vaults_entry_quadrant_bands, uniq_roxanne
D:15:     gammafunk_depths_entry_grave, layout_grid_maze, special_room
          [special_room_orc]
Lair:1:   layout_cave_pods
Lair:2:   layout_cave_pods, elwin_shoals_entry_rooms,
          spider_nest_entry_web_field, serial_forest,
          infiniplex_forest_clump_large, infiniplex_forest_clump_medium,
          infiniplex_forest_clump_medium, infiniplex_forest_clump_medium,
          infiniplex_forest_clump_tiny, infiniplex_forest_clump_double,
          infiniplex_forest_straight_2, infiniplex_forest_straight_2,
          infiniplex_forest_clump_diagonal, lemuel_fruit_tree
Lair:3:   layout_layer_cave, ebering_ghost_rock_garden, grunt_megastairs_2
Lair:4:   layout_cave_pods
Lair:5:   cheibrodos_lair_overgrown_chateau, layout_regular_city,
          kilobyte_rumbling_trees
Lair:6:   due_jungle_book, layout_regular_city, slime_altar_1,
          grunt_megastairs_3, minmay_lair_oklob_chamber, uniq_josephine
Shoals:1: layout_shoals
Shoals:2: layout_shoals, serial_shops, nicolae_shop_behind_doors
Shoals:3: layout_shoals, nicolae_shoals_so_close
Shoals:4: shoals_end_hangedman, layout_shoals, ebering_ghost_rock_garden,
          ldierk_geyser, uniq_donald
Spider:1: layout_spider_delve, uniq_jorgrun
Spider:2: mumra_spider_spiderweb
Spider:3: spiders_nest_a, uniq_arachne
Spider:4: grunt_spider_rune_circles, uniq_louise
Slime:1:  cheibrodos_slime_lost_civilization_10, layout_caves,
          cheibrodos_slime_lost_civilization_6
Slime:2:  nicolae_slime_jelly_donut, layout_caves
Slime:3:  layout_caves
Slime:4:  layout_caves, cheibrodos_slime_lost_civilization_7, uniq_dissolution
Slime:5
Orc:1:    layout_caves, portal_ice_cave_entry_pillars_1, rock_pile
Orc:2:    st_orc_mages, layout_diamond_mine, gammafunk_ghost_berserking_beasts,
          special_room
Depths:1: layout_gridlike, rand_demon_pan_entry_1,
          ebering_dispersal_statue_hall, abyss_entry, hell_entry,
          grunt_ministairs_2, kennysheep_dice

Skill      XL: |  1  2  3  4  5  6  7  8  9 10 11 12 13 14 15 16 17 18 19 |
---------------+----------------------------------------------------------+-----
Dodging        | 2 3 4 |  4.5
Evocations     | 5 6 |  6.2
Armour         | 1 4 6 9 12 14 16 | 16.7
Polearms       | 2 5 8 11 12 14 18 20 22 | 22.3
Fighting       | 4 6 7 8 10 | 10.0
Stealth        | 5 7 8 |  8.3
Shields        | 1 5 8 12 14 16 17 | 17.5
Short Blades   | |  1.5

Action                   |  1- 3 |  4- 6 |  7- 9 | 10-12 | 13-15 | 16-18 | 19-21 || total
-------------------------+-------+-------+-------+-------+-------+-------+-------++-------
Melee: Short sword       |       |    47 |       |       |       |       |       ||    47
       Halberd           |       |    57 |   301 |       |       |       |       ||   358
       Spear             |       |       |   334 |  1111 |  1237 |       |       ||  2682
       Trident           |       |       |       |       |  1504 |  2033 |   499 ||  4036
       Scythe            |       |       |       |       |       |   420 |   118 ||   538
Invok: Call Merchant     |       |       |       |     1 |       |     4 |     1 ||     6
       Potion Petition   |       |       |       |       |     2 |       |     1 ||     3
 Abil: Shaft Self        |     2 |       |     1 |       |     1 |     1 |       ||     5
       Dig               |       |       |       |       |     8 |     4 |    16 ||    28
       Evoke Invisibilit |       |       |       |       |     3 |       |       ||     3
       Evoke Flight      |       |       |       |       |     1 |    15 |       ||    16
       Stop Flying       |       |       |       |       |       |     2 |       ||     2
Evoke: Wand              |     1 |     9 |    26 |    28 |     9 |    21 |     6 ||   100
  Use: Potion            |       |       |     6 |     7 |     2 |       |     3 ||    18
       Scroll            |       |       |     2 |    17 |     7 |    15 |     1 ||    42
 Stab: Sleeping          |       |     1 |     5 |     1 |       |       |       ||     7
       Distracted        |       |       |     1 |     4 |    20 |    20 |     6 ||    51
       Paralysed         |       |       |       |    22 |       |       |       ||    22
       Invisible         |       |       |       |       |    19 |       |       ||    19
       Held in net/web   |       |       |       |       |       |       |     1 ||     1
  Eat: Chunk             |       |       |     3 |       |       |       |       ||     3
       Ration            |       |       |     7 |     8 |    12 |    13 |     4 ||    44
Armor: Leather armour    |       |    15 |    98 |       |       |       |       ||   113
       Scale mail        |       |       |    27 |    45 |       |       |       ||    72
       Plate armour      |       |       |       |   227 |   884 |   519 |   189 ||  1819
       Skin              |       |       |       |     1 |       |       |       ||     1
Dodge: Dodged            |       |    57 |   333 |   171 |   398 |   231 |    82 ||  1272
Block: Buckler           |       |       |       |    92 |   154 |       |       ||   246
       Kite shield       |       |       |       |       |   323 |       |       ||   323
       Tower shield      |       |       |       |       |  1278 |  2203 |   593 ||  4074

Table legend:
 A = Non-vault XP
 B = Vault XP
 C = Vault XP percentage of total XP
 D = Non-vault monster count
 E = Vault monster count
 F = Vault count percentage of total count
                 A         B        C        D         E       F
            +---------+---------+-------+---------+---------+-------
      Total |  193759 |  143243 |  42.5 |     888 |     423 |  32.3
            +---------+---------+-------+---------+---------+-------
        D:1 |      64 |       0 |   0.0 |      34 |       0 |   0.0
        D:2 |     197 |       0 |   0.0 |      31 |       0 |   0.0
        D:3 |     281 |      34 |  10.8 |      37 |      11 |  22.9
        D:4 |     259 |     209 |  44.7 |      10 |      13 |  56.5
        D:5 |     737 |       0 |   0.0 |      21 |       0 |   0.0
        D:6 |     382 |      69 |  15.3 |       9 |       1 |  10.0
        D:7 |     642 |     386 |  37.5 |      15 |       2 |  11.8
        D:8 |     702 |    1763 |  71.5 |      15 |       6 |  28.6
        D:9 |    4693 |     116 |   2.4 |      48 |       1 |   2.0
       D:10 |    2157 |      65 |   2.9 |      26 |       6 |  18.8
       D:11 |    5953 |     831 |  12.2 |      32 |       1 |   3.0
       D:12 |    7351 |    3306 |  31.0 |      40 |       2 |   4.8
       D:13 |    6187 |     174 |   2.7 |      36 |       2 |   5.3
       D:14 |   10004 |   19645 |  66.3 |      41 |      32 |  43.8
       D:15 |    3888 |    6679 |  63.2 |      13 |      27 |  67.5
     Lair:1 |    2769 |       0 |   0.0 |      13 |       0 |   0.0
     Lair:2 |    2471 |     783 |  24.1 |      10 |       2 |  16.7
     Lair:3 |    3956 |     145 |   3.5 |      19 |       1 |   5.0
     Lair:4 |    6851 |       0 |   0.0 |      20 |       0 |   0.0
     Lair:5 |    4324 |    5421 |  55.6 |      18 |      22 |  55.0
     Lair:6 |   13338 |    8638 |  39.3 |      40 |      24 |  37.5
   Shoals:1 |    8386 |       0 |   0.0 |      19 |       0 |   0.0
   Shoals:2 |    7082 |       0 |   0.0 |      18 |       0 |   0.0
   Shoals:3 |    7978 |     195 |   2.4 |      18 |       1 |   5.3
   Shoals:4 |    9435 |   18968 |  66.8 |      20 |      28 |  58.3
   Spider:1 |   11467 |    3169 |  21.7 |      43 |       1 |   2.3
   Spider:2 |   13236 |    7409 |  35.9 |      49 |      27 |  35.5
   Spider:3 |    8449 |   17434 |  67.4 |      20 |      60 |  75.0
   Spider:4 |   18425 |   29226 |  61.3 |      48 |      47 |  49.5
    Slime:1 |    4811 |       0 |   0.0 |      10 |       0 |   0.0
    Slime:2 |    9819 |       0 |   0.0 |      14 |       0 |   0.0
    Slime:3 |    4183 |       0 |   0.0 |       5 |       0 |   0.0
    Slime:4 |    1039 |       0 |   0.0 |       4 |       0 |   0.0
    Slime:5 |       0 |    4725 | 100.0 |       0 |       2 | 100.0
      Orc:1 |   10158 |       3 |   0.0 |      65 |       1 |   1.5
      Orc:2 |    2085 |    7675 |  78.6 |      27 |      49 |  64.5
      IceCv |       0 |    6175 | 100.0 |       0 |      54 | 100.0
            +---------+---------+-------+---------+---------+-------
